3AA
LITTLE CAESARS HOT N READYS @ BETHESDA ATOMS
09/03/2031
 
TOP OF THE 1ST
Little Caesars Hot N Readys batting - Pitching for Bethesda Atoms : LHP Manuel Ceja
Pitching: LHP Manuel Ceja
Batting: RHB Jorge Noutel 0-0: Ball
1-0: Ball
2-0: Ball
3-0: Foul Ball, location: 2F
3-1: Base on Balls
Batting: SHB Allen Pandey 0-0: Ball
1-0: Ball
2-0: Ball
Jorge Noutel is caught stealing 2nd base
3-0: Called Strike
3-1: Foul Ball, location: 2F
3-2: Base on Balls
Batting: RHB Dan Hendricks 0-0: Ball
Allen Pandey is caught stealing 2nd base
1-0: DOUBLE (Line Drive, 8RD)
Batting: LHB Dudley Gardner 0-0: Ball
1-0: Ball
2-0: Ball
3-0: Called Strike
3-1: DOUBLE (Line Drive, 8RD)
Dan Hendricks scores
Batting: RHB Lloyd Raaijmakers 0-0: Called Strike
0-1: Ball
1-1: Reached on error, E5 (Groundball, 56S)
Dudley Gardner to third
Batting: RHB Shelby Loudenslager 0-0: Swinging Strike
0-1: Ball
Lloyd Raaijmakers is caught stealing 2nd base
Top of the 1st over - 1 run, 2 hits, 1 error, 1 left on base; Little Caesars 1 - Bethesda 0
BOTTOM OF THE 1ST
Bethesda Atoms batting - Pitching for Little Caesars Hot N Readys : LHP Pablo Aguilar
Pitching: LHP Pablo Aguilar
Batting: RHB Héctor Amador 0-0: Ball
1-0: Foul Ball, location: 2F
1-1: Foul Ball, location: 2F
1-2: Fly out, F7 (Flyball, 7)
Batting: RHB José Luna 0-0: Ball
1-0: Ball
2-0: Called Strike
2-1: Ball
3-1: Called Strike
3-2: Base on Balls
Batting: SHB Pedro Ortega 0-0: Foul Ball, location: 2F
0-1: Ball
1-1: Fly out, F7 (Line Drive, 78D)
Runner from 1st tags up, SAFE at 2nd
Batting: RHB Andrés López 0-0: Ball
1-0: Ball
2-0: Fly out, F8 (Flyball, 78M)
Bottom of the 1st over - 0 runs, 0 hits, 0 errors, 1 left on base; Little Caesars 1 - Bethesda 0
TOP OF THE 2ND
Little Caesars Hot N Readys batting - Pitching for Bethesda Atoms : LHP Manuel Ceja
Batting: RHB Shelby Loudenslager 0-0: Swinging Strike
0-1: Foul Ball, location: 2F
0-2: Ground out 6-3 (Groundball, 6)
Batting: RHB David Crow 0-0: Called Strike
0-1: SINGLE (Line Drive, 56)
Batting: RHB Harith Karim 0-0: Ball
David Crow is caught stealing 2nd base
1-0: Ball
2-0: Ball
3-0: Base on Balls
Batting: RHB Mink Molendijk 0-0: Swinging Strike
0-1: Ground out 4-3 (Groundball, 4)
Top of the 2nd over - 0 runs, 1 hit, 0 errors, 1 left on base; Little Caesars 1 - Bethesda 0
BOTTOM OF THE 2ND
Bethesda Atoms batting - Pitching for Little Caesars Hot N Readys : LHP Pablo Aguilar
Batting: RHB Renato Zuvic 0-0: Foul Ball, location: 2F
0-1: Fly out, F9 (Flyball, 9S)
Batting: LHB Rob Rodríguez 0-0: Ball
1-0: Swinging Strike
1-1: Fly out, F9 (Flyball, 9)
Batting: SHB Pat Sargent 0-0: Ball
1-0: Ball
2-0: Called Strike
2-1: Ball
3-1: Swinging Strike
3-2: Strikes out swinging
Bottom of the 2nd over - 0 runs, 0 hits, 0 errors, 0 left on base; Little Caesars 1 - Bethesda 0
TOP OF THE 3RD
Little Caesars Hot N Readys batting - Pitching for Bethesda Atoms : LHP Manuel Ceja
Batting: RHB Jorge Noutel 0-0: SINGLE (Flyball, 56D)
Batting: SHB Allen Pandey 0-0: Ball
1-0: Foul Ball, location: 2F
1-1: Ball
2-1: SINGLE (Line Drive, 4MD)
Jorge Noutel to second
Runner from 2nd tries for 3rd, SAFE, throw made to third
Batting: RHB Dan Hendricks 0-0: Ball
1-0: Fly out, F6 (Line Drive, 6M)
Batting: LHB Dudley Gardner 0-0: Ball
1-0: Ground out 4-3 (Groundball, 4S)
Jorge Noutel scores
Allen Pandey to second
Batting: RHB Lloyd Raaijmakers 0-0: Ball
1-0: Ball
2-0: Called Strike
2-1: SINGLE (Flyball, 78S)
Allen Pandey to third
Runner from 3rd tries for Home, SAFE, no throw
Batting: RHB Shelby Loudenslager 0-0: Ball
1-0: Foul Ball, location: 2F
1-1: Foul Ball, location: 2F
1-2: Ground out 1-3 (Groundball, 15S)
Top of the 3rd over - 2 runs, 3 hits, 0 errors, 1 left on base; Little Caesars 3 - Bethesda 0
BOTTOM OF THE 3RD
Bethesda Atoms batting - Pitching for Little Caesars Hot N Readys : LHP Pablo Aguilar
Batting: RHB Diego Romero 0-0: Called Strike
0-1: SINGLE (Groundball, 6MD)
Batting: LHB Manuel Márquez 0-0: Called Strike
0-1: Ball
1-1: Fielders Choice at 2nd, 6-4 (Groundball, 6)
Batting: RHB Héctor Amador 0-0: Ball
1-0: Fly out, F8 (Flyball, 8RD)
Batting: RHB José Luna 0-0: Called Strike
0-1: Swinging Strike
0-2: Strikes out swinging
Bottom of the 3rd over - 0 runs, 1 hit, 0 errors, 1 left on base; Little Caesars 3 - Bethesda 0
TOP OF THE 4TH
Little Caesars Hot N Readys batting - Pitching for Bethesda Atoms : LHP Manuel Ceja
Batting: RHB David Crow 0-0: SINGLE (Groundball, 6MD)
Batting: RHB Harith Karim 0-0: Ball
1-0: Ground out 5-3 (Groundball, 56S)
David Crow to second
Batting: RHB Mink Molendijk 0-0: Called Strike
0-1: Ball
1-1: Swinging Strike
1-2: Strikes out swinging
Batting: RHB Jorge Noutel 0-0: Swinging Strike
0-1: Fly out, F4 (Popup, 3D)
Top of the 4th over - 0 runs, 1 hit, 0 errors, 1 left on base; Little Caesars 3 - Bethesda 0
BOTTOM OF THE 4TH
Bethesda Atoms batting - Pitching for Little Caesars Hot N Readys : LHP Pablo Aguilar
Batting: SHB Pedro Ortega 0-0: Called Strike
0-1: Ball
1-1: Swinging Strike
1-2: Ball
2-2: Strikes out swinging
Batting: RHB Andrés López 0-0: Called Strike
0-1: Ball
1-1: SINGLE (Groundball, 56D)
Batting: RHB Renato Zuvic 0-0: Called Strike
0-1: Foul Ball, location: 2F
0-2: Ball
1-2: Ball
2-2: Foul Ball, location: 2F
2-2: Ball
3-2: Base on Balls
Andrés López to second
Batting: LHB Rob Rodríguez 0-0: Ball
1-0: Called Strike
1-1: Foul Ball, location: 2F
1-2: Foul Ball, location: 2F
1-2: Fielders Choice at 2nd, 1-6 (Groundball, 13)
Andrés López to third
Batting: SHB Pat Sargent 0-0: Called Strike
0-1: Ball
1-1: Ball
2-1: Ball
3-1: Fly out, F7 (Line Drive, 7)
Bottom of the 4th over - 0 runs, 1 hit, 0 errors, 2 left on base; Little Caesars 3 - Bethesda 0
TOP OF THE 5TH
Little Caesars Hot N Readys batting - Pitching for Bethesda Atoms : LHP Manuel Ceja
Batting: SHB Allen Pandey 0-0: Ball
1-0: Ball
2-0: Called Strike
2-1: Foul Ball, location: 2F
2-2: Reached on error, E5 (Groundball, 56)
Batting: RHB Dan Hendricks 0-0: Called Strike
Allen Pandey steals 2nd base
0-1: Swinging Strike
0-2: Strikes out swinging
Batting: LHB Dudley Gardner 0-0: Called Strike
Allen Pandey steals 3rd base
0-1: SINGLE (Groundball, 34D)
Allen Pandey scores
Batting: RHB Lloyd Raaijmakers 0-0: Called Strike
0-1: Ground out 5-3 (Groundball, 56S)
Dudley Gardner to second
Batting: RHB Shelby Loudenslager 0-0: Ball
1-0: Ball
2-0: Foul Ball, location: 2F
2-1: Ball
3-1: Swinging Strike
3-2: Foul Ball, location: 2F
3-2: Foul Ball, location: 2F
3-2: SINGLE (Groundball, 56D)
Dudley Gardner to third
Dudley Gardner scores
Batting: RHB David Crow 0-0: Swinging Strike
0-1: Called Strike
0-2: Foul Ball, location: 2F
0-2: Fly out, F9 (Flyball, 89S)
Top of the 5th over - 2 runs, 2 hits, 1 error, 1 left on base; Little Caesars 5 - Bethesda 0
BOTTOM OF THE 5TH
Bethesda Atoms batting - Pitching for Little Caesars Hot N Readys : LHP Pablo Aguilar
Batting: RHB Diego Romero 0-0: SINGLE (Groundball, 56D)
Batting: LHB Manuel Márquez 0-0: Ball
Diego Romero steals 2nd base
1-0: Ball
2-0: Foul Ball, location: 2F
2-1: SINGLE (Line Drive, 56D)
Diego Romero to third
Batting: RHB Héctor Amador 0-0: Ball
1-0: Called Strike
1-1: Fly out, F7 (Flyball, 7)
Runner from 3rd tags up, SCORES, throw made
Batting: RHB José Luna 0-0: Called Strike
0-1: Ball
1-1: DOUBLE (Line Drive, 7LM)
Manuel Márquez to third
Batting: SHB Pedro Ortega 0-0: Ball
1-0: Ball
Wild Pitch!
Manuel Márquez scores
José Luna to third
2-0: Called Strike
2-1: Ball
3-1: Foul Ball, location: 2F
3-2: Foul Ball, location: 2F
3-2: SINGLE (Groundball, 6) (infield hit)
José Luna scores
Batting: RHB Andrés López 0-0: Called Strike
0-1: Foul Ball, location: 2F
0-2: Ball
1-2: Fly out, F8 (Flyball, 8RD)
Runner from 1st tags up, SAFE at 2nd
Batting: RHB Renato Zuvic 0-0: Ball
1-0: Called Strike
1-1: Ball
2-1: Foul Ball, location: 2F
2-2: Foul Ball, location: 2F
2-2: Strikes out swinging
Bottom of the 5th over - 3 runs, 4 hits, 0 errors, 1 left on base; Little Caesars 5 - Bethesda 3
TOP OF THE 6TH
Little Caesars Hot N Readys batting - Pitching for Bethesda Atoms : LHP Manuel Ceja
Batting: RHB Harith Karim 0-0: Swinging Strike
0-1: SINGLE (Groundball, 6MD)
Batting: RHB Mink Molendijk 0-0: Called Strike
0-1: Sac Bunt - play at first, batter OUT! 1-3
Harith Karim to second
Batting: RHB Jorge Noutel 0-0: Intentional Walk
Batting: SHB Allen Pandey 0-0: Ball
1-0: Ball
2-0: Foul Ball, location: 2F
2-1: Ball
3-1: Base on Balls
Harith Karim to third
Jorge Noutel to second
Pitching: LHP Dave Tonnochy
Batting: RHB Dan Hendricks 0-0: Ball
1-0: Ball
2-0: Foul Ball, location: 2F
2-1: Ball
3-1: Base on Balls
Harith Karim scores
Jorge Noutel to third
Allen Pandey to second
Batting: LHB Dudley Gardner 0-0: Ball
1-0: Called Strike
1-1: Ball
2-1: Fly out, F9 (Flyball, 9S)
Batting: RHB Lloyd Raaijmakers 0-0: Fly out, F4 (Popup, 4)
Top of the 6th over - 1 run, 1 hit, 0 errors, 3 left on base; Little Caesars 6 - Bethesda 3
BOTTOM OF THE 6TH
Bethesda Atoms batting - Pitching for Little Caesars Hot N Readys : LHP Pablo Aguilar
Batting: LHB Rob Rodríguez 0-0: Called Strike
0-1: Foul Ball, location: 2F
0-2: Strikes out looking
Batting: SHB Pat Sargent 0-0: Ball
1-0: Called Strike
1-1: Ball
2-1: Called Strike
2-2: Strikes out swinging
Batting: RHB Diego Romero 0-0: Ball
1-0: Foul Ball, location: 2F
1-1: Ball
2-1: Foul Ball, location: 2F
2-2: Ball
3-2: Base on Balls
Batting: LHB Manuel Márquez 0-0: Ball
Diego Romero is caught stealing 2nd base
Bottom of the 6th over - 0 runs, 0 hits, 0 errors, 0 left on base; Little Caesars 6 - Bethesda 3
TOP OF THE 7TH
Little Caesars Hot N Readys batting - Pitching for Bethesda Atoms : LHP Dave Tonnochy
Batting: RHB Shelby Loudenslager 0-0: Ball
1-0: Called Strike
1-1: Fly out, F7 (Flyball, 78D)
Batting: RHB David Crow 0-0: Ball
1-0: Foul Ball, location: 2F
1-1: Ball
2-1: Foul Ball, location: 2F
2-2: Ground out 5-3 (Groundball, 5)
Batting: RHB Harith Karim 0-0: Ball
1-0: Called Strike
1-1: Called Strike
1-2: Ball
2-2: Fly out, F7 (Flyball, 78D)
Top of the 7th over - 0 runs, 0 hits, 0 errors, 0 left on base; Little Caesars 6 - Bethesda 3
BOTTOM OF THE 7TH
Bethesda Atoms batting - Pitching for Little Caesars Hot N Readys : LHP Pablo Aguilar
Batting: LHB Manuel Márquez 0-0: Foul Ball, location: 2F
0-1: Ball
1-1: Fly out, F8 (Line Drive, 8LD)
Batting: RHB Héctor Amador 0-0: Ball
1-0: Ball
2-0: Called Strike
2-1: SINGLE (Line Drive, 4D)
Batting: RHB José Luna 0-0: Called Strike
0-1: Ball
1-1: Foul Ball, location: 2F
1-2: Strikes out swinging
Pitching: RHP Cristóbal Garza
Batting: SHB Pedro Ortega 0-0: Ball
1-0: Called Strike
1-1: Swinging Strike
1-2: Fly out, F8 (Flyball, 8LM)
Bottom of the 7th over - 0 runs, 1 hit, 0 errors, 1 left on base; Little Caesars 6 - Bethesda 3
TOP OF THE 8TH
Little Caesars Hot N Readys batting - Pitching for Bethesda Atoms : LHP Dave Tonnochy
Batting: RHB Mink Molendijk 0-0: Ball
1-0: Foul Ball, location: 2F
1-1: Ball
2-1: Ball
3-1: Swinging Strike
3-2: Strikes out swinging
Batting: RHB Jorge Noutel 0-0: Ball
1-0: Called Strike
1-1: Ball
2-1: SINGLE (Groundball, 23) (infield hit)
Batting: SHB Allen Pandey 0-0: Ball
Jorge Noutel steals 2nd base
1-0: Ball
2-0: Called Strike
2-1: Swinging Strike
2-2: Ball
3-2: Base on Balls
Batting: RHB Dan Hendricks 0-0: Ball
1-0: Called Strike
1-1: Hit by Pitch
Jorge Noutel to third
Allen Pandey to second
Batting: LHB Dudley Gardner 0-0: Called Strike
0-1: Ball
1-1: Ball
2-1: Fly out, F9 (Flyball, 9LMF)
Runner from 3rd tags up, SCORES, no throw
Batting: RHB Lloyd Raaijmakers 0-0: Called Strike
0-1: Ball
1-1: Ball
2-1: Swinging Strike
2-2: Strikes out looking
Top of the 8th over - 1 run, 1 hit, 0 errors, 2 left on base; Little Caesars 7 - Bethesda 3
BOTTOM OF THE 8TH
Bethesda Atoms batting - Pitching for Little Caesars Hot N Readys : RHP Cristóbal Garza
Batting: RHB Andrés López 0-0: Ball
1-0: Foul Ball, location: 2F
1-1: Foul Ball, location: 2F
1-2: Ball
2-2: Ball
3-2: Base on Balls
Batting: RHB Renato Zuvic 0-0: Ball
1-0: Grounds into double play, 5-4-3 (Groundball, 56)
Batting: LHB Rob Rodríguez 0-0: Ball
1-0: Called Strike
1-1: Ball
2-1: Called Strike
2-2: Foul Ball, location: 2F
2-2: Ball
3-2: Ground out 6-3 (Groundball, 6M)
Bottom of the 8th over - 0 runs, 0 hits, 0 errors, 0 left on base; Little Caesars 7 - Bethesda 3
TOP OF THE 9TH
Little Caesars Hot N Readys batting - Pitching for Bethesda Atoms : LHP Dave Tonnochy
Batting: RHB Shelby Loudenslager 0-0: Fly out, F4 (Popup, 4)
Batting: RHB David Crow 0-0: Called Strike
0-1: DOUBLE (Line Drive, 7D)
Pitching: LHP Cyrille Bertoletti
Batting: RHB Harith Karim 0-0: SINGLE (Groundball, 4MD)
David Crow to third
Runner from 3rd tries for Home, SAFE, no throw
Batting: RHB Mink Molendijk 0-0: Ball
1-0: Grounds into double play, 6-4-3 (Groundball, 6M)
Top of the 9th over - 1 run, 2 hits, 0 errors, 0 left on base; Little Caesars 8 - Bethesda 3
BOTTOM OF THE 9TH
Bethesda Atoms batting - Pitching for Little Caesars Hot N Readys : RHP Cristóbal Garza
Batting: SHB Pat Sargent 0-0: Ball
1-0: Called Strike
1-1: Ball
2-1: Ball
3-1: Base on Balls
Batting: RHB Diego Romero 0-0: Hit by Pitch
Pat Sargent to second
Batting: LHB Manuel Márquez 0-0: Called Strike
Balk!
Pat Sargent to third
Diego Romero to second
0-1: Foul Ball, location: 2F
0-2: Foul Ball, location: 2F
0-2: Strikes out looking
Batting: RHB Héctor Amador 0-0: Ball
1-0: Ball
2-0: Ball
3-0: Base on Balls
Pitching: RHP Nick Kelley
Batting: RHB José Luna 0-0: Ball
1-0: Ball
2-0: Called Strike
2-1: Ball
3-1: Base on Balls
Pat Sargent scores
Diego Romero to third
Héctor Amador to second
Batting: SHB Pedro Ortega 0-0: Ball
1-0: Ball
2-0: Ball
3-0: Base on Balls
Diego Romero scores
Héctor Amador to third
José Luna to second
Batting: RHB Andrés López 0-0: Ball
1-0: Ball
2-0: Ball
3-0: Base on Balls
Héctor Amador scores
José Luna to third
Pedro Ortega to second
Batting: RHB Renato Zuvic 0-0: SINGLE (Groundball, 6MD)
José Luna scores
Pedro Ortega to third
Andrés López to second
Runner from 3rd tries for Home, SAFE, no throw
Pinch Runner at 2nd Juan Camacho:
Batting: LHB Rob Rodríguez 0-0: Ball
1-0: Swinging Strike
1-1: Foul Ball, location: 2F
1-2: Foul Ball, location: 2F
1-2: Foul Ball, location: 2F
1-2: Ball
2-2: Strikes out swinging
Batting: SHB Pat Sargent 0-0: Called Strike
0-1: Ball
1-1: Ball
2-1: Fly out, F9 (Flyball, 89XD)
Bottom of the 9th over - 5 runs, 1 hit, 0 errors, 2 left on base; Little Caesars 8 - Bethesda 8
TOP OF THE 10TH
Little Caesars Hot N Readys batting - Pitching for Bethesda Atoms : LHP Cyrille Bertoletti
Pitching: LHP Hakan Yilmanz
Now at C: Raúl Godines
Batting: RHB Jorge Noutel 0-0: Called Strike
0-1: Ball
1-1: Called Strike
1-2: Ball
2-2: Strikes out swinging
Batting: SHB Allen Pandey 0-0: Ball
1-0: Ground out 5-3 (Groundball, 56)
Batting: RHB Dan Hendricks 0-0: Foul Ball, location: 2F
0-1: Ball
1-1: Swinging Strike
1-2: Ball
2-2: Foul Ball, location: 2F
2-2: Ball
3-2: Foul Ball, location: 2F
3-2: Base on Balls
Pinch Runner at 1st Cyrille Baffi:
Batting: LHB Dudley Gardner 0-0: Ball
1-0: Called Strike
1-1: Ball
2-1: Swinging Strike
2-2: Foul Ball, location: 2F
2-2: Ball
3-2: Base on Balls
Cyrille Baffi to second
Batting: RHB Lloyd Raaijmakers 0-0: Ball
1-0: SINGLE (Line Drive, 56)
Cyrille Baffi to third
Dudley Gardner to second
Runner from 3rd tries for Home, SAFE, no throw
Batting: RHB Shelby Loudenslager 0-0: Ball
1-0: Ball
2-0: Foul Ball, location: 2F
2-1: Ball
3-1: Fly out, F8 (Line Drive, 78D)
Top of the 10th over - 1 run, 1 hit, 0 errors, 2 left on base; Little Caesars 9 - Bethesda 8
BOTTOM OF THE 10TH
Bethesda Atoms batting - Pitching for Little Caesars Hot N Readys : RHP Nick Kelley
Pitching: RHP King Kelly
Now in RF: Cyrille Baffi
Batting: RHB Diego Romero 0-0: Ball
1-0: Foul Ball, location: 2F
1-1: Ball
2-1: SINGLE (Groundball, 6MD)
Batting: LHB Manuel Márquez 0-0: Bunt missed!
0-1: Ball
1-1: Sac Bunt - play at first, batter OUT! 1-4
Diego Romero to second
Pinch Hitting: LHB Diego Rosas 0-0: Called Strike
0-1: Ball
1-1: Ball
2-1: Swinging Strike
2-2: Foul Ball, location: 2F
2-2: Ball
3-2: Base on Balls
Pinch Hitting: SHB Bob Lambert 0-0: Called Strike
0-1: Swinging Strike
0-2: Ball
1-2: Strikes out looking
Batting: SHB Pedro Ortega 0-0: Called Strike
0-1: Foul Ball, location: 2F
0-2: Ball
1-2: Ground out 4-3 (Groundball, 4)
Bottom of the 10th over - 0 runs, 1 hit, 0 errors, 2 left on base; Little Caesars 9 - Bethesda 8
Tuesday, June 12th, 2018 - OOTP Baseball 18.8 Build 76